 Dungeon Crawl Stone Soup version 0.18-a0-1426-g3b9a63c (webtiles) character file.

45665 Tomstefer the Fencer (level 14, -1/133 HPs)
             Began as a Minotaur Berserker on Feb 27, 2016.
             Was a High Priest of Trog.
             Slain by a three-headed hydra (3 damage)
             ... on level 7 of the Lair of Beasts.
             The game lasted 00:41:47 (15549 turns).

Tomstefer the Fencer (Minotaur Berserker)          Turns: 15549, Time: 00:41:48

Health: -1/133     AC: 21    Str: 26    XL:     14   Next: 2%
Magic:  0/13       EV:  2    Int:  4    God:    Trog [*****.]
Gold:   838        SH:  0    Dex: 18    Spells: 0 memorised, 13 levels left

rFire  . . .     SeeInvis .     a - +4 scimitar (flame)
rCold  . . .     Gourm    .     I - +5 ring mail
rNeg   + + +     Faith    .     (no shield)
rPois  ∞         Spirit   +     (helmet restricted)
rElec  .         Dismiss  .     m - +0 cloak of the Other Side {rPois Dex+4 Stlth+}
rCorr  .         Reflect  .     T - +0 pair of gloves
SustAt .         Harm     .     (no boots)
MR     ++...                    B - amulet of guardian spirit
Stlth  ++........               O - +4 ring of protection
                                w - +3 ring of strength

@: exhausted, petrified, frozen, slowed, very slow, very resistant to hostile
enchantments, unstealthy
A: retaliatory headbutt, horns 2, icy blue scales 1, magic resistance 1, poison
resistance
a: Berserk, Trog's Hand, Brothers in Arms, Burn Spellbooks, Renounce Religion


You were on level 7 of the Lair of Beasts.
You worshipped Trog.
Trog was extremely pleased with you.
You were not hungry.

You visited 2 branches of the dungeon, and saw 18 of its levels.
You visited 1 bazaar.

You collected 1017 gold pieces.
You spent 179 gold pieces at shops.

Inventory:

Hand Weapons
 a - a +4 scimitar of flaming (weapon)
 f - a +2 antimagic great sword
 V - a +5 great sword of slicing
Missiles
 d - 27 poisoned needles
 F - 5 needles of confusion
Armour
 m - the +0 cloak of the Other Side (worn) {rPois Dex+4 Stlth+}
   (You found it on level 5 of the Dungeon)

   It affects your dexterity (+4).
   It protects you from poison.
   It makes you more stealthy.
 I - a +5 ring mail (worn)
 T - a +0 pair of gloves (worn)
Jewellery
 w - a +3 ring of strength (left hand)
 B - an amulet of guardian spirit (around neck)
 O - a +4 ring of protection (right hand)
Wands
 x - a wand of acid (7/15)
 J - a wand of random effects (21/48)
 K - a wand of slowing (25/48)
 P - a wand of flame (27/48)
 R - a wand of flame (31/48)
 S - a wand of hasting (5/9)
 W - a wand of iceblast (8/15)
 Y - a wand of flame (15/48)
Scrolls
 e - 2 scrolls of remove curse
 g - 2 scrolls of fog
 h - 8 scrolls of teleportation
 p - 3 scrolls of recharging
 r - 3 scrolls of enchant weapon
 y - 5 scrolls of fear
 H - 4 scrolls of identify
 N - 3 scrolls of magic mapping
 Q - 2 scrolls of enchant armour
 X - a scroll of brand weapon {unknown}
Potions
 b - a potion of ambrosia
 i - 9 potions of curing
 j - a potion of lignification
 k - a potion of brilliance
 o - 2 potions of cure mutation {unknown}
 s - a potion of haste
 t - 2 potions of might {unknown}
 u - 2 potions of cancellation {unknown}
 z - a potion of berserk rage {unknown}
 C - 5 potions of heal wounds {unknown}
 D - 3 potions of agility {unknown}
 G - 3 potions of mutation {unknown}
 L - a potion of resistance {unknown}
 U - 2 potions of magic {unknown}
Miscellaneous
 M - a fan of gales
Comestibles
 c - 4 bread rations
 l - 7 beef jerkies
 n - 12 royal jellies
 q - 6 slices of pizza
 A - 14 meat rations
 E - 60 fruits


   Skills:
 + Level 14.4 Fighting
 * Level 19.4 Long Blades
 + Level 14.2 Armour
 - Level 2.1 Dodging
   Level 1.0 Shields


You had 13 spell levels left.
You didn't know any spells.

Dungeon Overview and Level Annotations

Branches:
Dungeon (11/15)            Temple (0/1) D:5            Lair (7/8) D:10
  Swamp (0/4) Lair:3        Snake (0/4) Lair:5
  Slime: Lair:6-8       Orc: D:9-12

Altars:
Ashenzari
Kikubaaqudgha
Makhleb
Nemelex Xobeh
Okawaru
Pakellas
Qazlal
Ru
Sif Muna
Yredelemnul

Shops:
D:4 =   D:7 *   D:9 %}


Innate Abilities, Weirdness & Mutations

You reflexively headbutt those who attack you in melee.
You have a pair of horns on your head.
You are partially covered in icy blue scales (AC +1).
You are resistant to hostile enchantments.
Your system is resistant to poisons.


Message History

* * * LOW HITPOINT WARNING * * *
The basilisk bites you but does no damage.
You are engulfed in calcifying dust.
The rime drake bites you but does no damage.
The catoblepas gores you!!
* * * LOW HITPOINT WARNING * * *
The rime drake bites you but does no damage.
The three-headed hydra bites you but does no damage. x3
The basilisk bites you but does no damage.
You are engulfed in calcifying dust.
The rime drake bites you but does no damage.
The rime drake breathes ice at you. The flash freeze hits you!
* * * LOW HITPOINT WARNING * * *
You are encased in ice.
The catoblepas gores you!
* * * LOW HITPOINT WARNING * * *
The three-headed hydra bites you but does no damage.
The three-headed hydra bites you!
You die...

.P........................###
.............#.....#.#.....######
..........P.P..#.....##....##....
...............#.................
.....P..........#................
.................................
...P..........§...............P..
...............§kk........P..P.PP
.....P........#.@lk...#.........P
......##.##....D#Yll.......#.....
...####..#.....#.lk.P.....##.....
..######.......##HH.#.... .
...##..#.#....####H##....
...##.#.......# l. ...
#.........>...# ..# ..
......P.......# ..#
..............# ..# .


You could see a catoblepas, a three-headed hydra, 3 hippogriffs, 3 basilisks, 4
rime drakes and 2 wyverns.

Vanquished Creatures
  Rupert (Lair:5)
  Josephine (Lair:5)
  Erolcha (D:9)
  7 hydras
  A catoblepas (D:9)
  Erica (D:9)
  A centaur warrior (D:10)
  A hill giant (D:10)
  An oklob plant (Lair:7)
  A manticore (Lair:7)
  15 elephants
  6 black mambas
  12 spiny frogs
  10 komodo dragons
  A queen bee (Lair:4)
  2 trolls
  Grinder (D:4)
  Prince Ribbit (D:5)
  A boulder beetle (Lair:6)
  7 blink frogs
  7 wraiths
  5 wyverns
  25 yaks
  2 basilisks
  7 hippogriffs
  10 wolves (Lair:5)
  2 hungry ghosts (D:7)
  A mottled dragon (D:9)
  2 nagas (Lair:5)
  12 water moccasins
  13 porcupines
  An orc warrior (D:7)
  A sky beast (D:6)
  A wasp (D:7)
  A black bear (D:10)
  3 phantoms
  3 ice beasts
  3 necrophages
  6 centaurs
  6 ogres
  12 crocodiles
  The ghost of Duffy the Caller, an amateur FoSu (D:3)
  9 big kobolds (D:8)
  13 giant frogs
  4 scorpions
  33 killer bees
  5 wights (D:8)
  A howler monkey (D:9)
  2 crimson imps
  4 hounds
  7 orc priests
  Crazy Yiuf (D:2)
  2 centaur zombies
  6 orc wizards
  A centaur skeleton (D:10)
  A giant frog skeleton (D:10)
  Ijyb (D:2)
  10 iguanas
  3 worker ants
  9 sheep
  Robin (D:2)
  A worker ant zombie (D:10)
  6 gnolls
  A howler monkey skeleton (D:6)
  24 river rats
  9 adders
  4 oozes
  An adder skeleton (D:9)
  An adder zombie (D:8)
  A worm (D:4)
  A dart slug (D:1)
  3 giant geckos
  19 orcs
  8 bats
  6 giant cockroaches
  20 goblins
  7 hobgoblins
  17 jackals
  12 kobolds
  7 quokkas
  A ball python (D:4)
  5 giant newts
  A jackal skeleton (D:5)
  2 fungi (Lair:6)
466 creatures vanquished.

Vanquished Creatures (collateral kills)
  A crimson imp (D:7)
1 creature vanquished.

Vanquished Creatures (others)
  2 fungi (Lair:5)
  4 plants
6 creatures vanquished.

Grand Total: 473 creatures vanquished

Notes
Turn   | Place    | Note
--------------------------------------------------------------
     0 | D:1      | Tomstefer the Minotaur Berserker began the quest for the Orb.
     0 | D:1      | Reached XP level 1. HP: 19/19 MP: 0/0
   146 | D:1      | Reached skill level 4 in Long Blades
   146 | D:1      | Reached XP level 2. HP: 25/27 MP: 1/1
   781 | D:2      | Noticed Ijyb
   801 | D:2      | Killed Ijyb
   801 | D:2      | Reached XP level 3. HP: 28/33 MP: 2/2
   850 | D:2      | You fall through a shaft for 2 floors!
   939 | D:3      | Noticed Duffy's ghost (amateur FoSu)
   945 | D:3      | Killed Duffy's ghost
   945 | D:3      | Reached skill level 5 in Long Blades
   945 | D:3      | Reached XP level 4. HP: 39/41 MP: 3/3
  1092 | D:2      | Reached XP level 5. HP: 40/47 MP: 4/4
  1164 | D:2      | Reached ** piety under Trog
  1280 | D:2      | Found a deep blue altar of Sif Muna.
  1288 | D:2      | Found a sparkling altar of Nemelex Xobeh.
  1290 | D:2      | Found a sacrificial altar of Ru.
  1290 | D:2      | Found an iron altar of Okawaru.
  1291 | D:2      | Found a burning altar of Makhleb.
  1291 | D:2      | Found a stormy altar of Qazlal.
  1489 | D:2      | Noticed Crazy Yiuf
  1501 | D:2      | Killed Crazy Yiuf
  1765 | D:2      | Noticed Robin
  1781 | D:2      | Reached skill level 6 in Long Blades
  1789 | D:2      | Killed Robin
  1789 | D:2      | Reached skill level 5 in Fighting
  2173 | D:3      | Reached *** piety under Trog
  2173 | D:3      | Reached XP level 6. HP: 45/56 MP: 5/5
  2763 | D:4      | Reached skill level 7 in Long Blades
  2927 | D:4      | Found Esileris's Jewellery Emporium.
  2939 | D:4      | Received a gift from Trog
  3014 | D:4      | Found an oddly glowing altar of Pakellas.
  3021 | D:4      | Noticed an ice beast
  3031 | D:4      | Killed an ice beast
  3031 | D:4      | Reached XP level 7. HP: 53/62 MP: 4/6
  3035 | D:4      | Reached skill level 5 in Armour
  3059 | D:4      | Noticed Grinder
  3063 | D:4      | Paralysed by Grinder for 7 turns
  3079 | D:4      | Killed Grinder
  3376 | D:4      | Reached skill level 8 in Long Blades
  3832 | D:5      | Entered Level 5 of the Dungeon
  3891 | D:5      | Noticed Prince Ribbit
  3896 | D:5      | Killed Prince Ribbit
  3896 | D:5      | Reached XP level 8. HP: 71/71 MP: 0/7
  4017 | D:5      | Found a staircase to the Ecumenical Temple.
  4055 | D:5      | Got a slimy cloak
  4066 | D:5      | Identified the cursed +0 cloak of the Other Side {rPois Dex+4 Stlth+} (You found it on level 5 of the Dungeon)
  4161 | D:5      | Reached skill level 9 in Long Blades
  4331 | D:6      | Reached **** piety under Trog
  4463 | D:6      | Reached skill level 10 in Long Blades
  4921 | D:7      | Reached XP level 9. HP: 81/81 MP: 6/8
  5282 | D:7      | Found Weosaode's Assorted Antiques.
  5285 | D:7      | Bought 2 fuming black potions for 59 gold pieces
  5285 | D:7      | Bought a murky cyan potion for 29 gold pieces
  5285 | D:7      | Bought a scroll labeled BYGEZU PULIGOET for 33 gold pieces
  5285 | D:7      | Bought a murky cyan potion for 29 gold pieces
  5285 | D:7      | Bought an emerald potion for 29 gold pieces
  5312 | D:7      | Reached skill level 11 in Long Blades
  5386 | D:7      | Noticed a troll
  5392 | D:7      | Killed a troll
  5899 | D:8      | Reached skill level 12 in Long Blades
  6065 | D:8      | Gained mutation: You are partially covered in icy blue scales (AC +1). [potion of beneficial mutation]
  6066 | D:8      | Gained mutation: Your system is resistant to poisons. [potion of beneficial mutation]
  6108 | D:8      | Reached XP level 10. HP: 91/91 MP: 9/9
  6116 | D:8      | Reached ***** piety under Trog
  6423 | D:8      | Noticed a two-headed hydra
  6434 | D:8      | Killed a five-headed hydra
  6434 | D:8      | Reached skill level 13 in Long Blades
  6510 | D:9      | Noticed Erica
  6562 | D:9      | Found Hejavo's Quality Used Wands.
  6581 | D:9      | Killed Erica
  6581 | D:9      | Reached skill level 10 in Fighting
  6722 | D:9      | Reached skill level 10 in Armour
  6828 | D:9      | Received a gift from Trog
  6895 | D:9      | Found Zixy's Food Shop.
  6972 | D:9      | Found an ancient bone altar of Kikubaaqudgha.
  6972 | D:9      | Found an oddly glowing altar of Pakellas.
  6999 | D:9      | Noticed a catoblepas
  7005 | D:9      | Killed a catoblepas
  7005 | D:9      | Reached skill level 14 in Long Blades
  7145 | D:9      | Noticed Erolcha
  7152 | D:9      | Killed Erolcha
  7152 | D:9      | Reached XP level 11. HP: 101/101 MP: 10/10
  7163 | D:9      | Gained mutation: You are resistant to hostile enchantments. [potion of beneficial mutation]
  7334 | D:10     | Entered Level 10 of the Dungeon
  7337 | D:10     | Noticed a centaur warrior
  7345 | D:10     | Killed a centaur warrior
  7410 | D:10     | Found a staircase to the Lair.
  7927 | D:10     | Reached skill level 15 in Long Blades
  8098 | D:10     | Noticed a hill giant
  8102 | D:10     | Killed a hill giant
  8293 | D:11     | Noticed a seven-headed hydra
  8302 | D:11     | Killed a five-headed hydra
  8330 | D:11     | Found a flickering gateway to a bazaar.
  8342 | Bazaar   | Entered a bazaar
  8342 | Bazaar   | Found Haytitt's Distillery.
  8342 | Bazaar   | Found Rul Tim's Gadget Shoppe.
  8342 | Bazaar   | Found Tiateytt's Weapon Shoppe.
  8342 | Bazaar   | Found Hutuh's Food Emporium.
  8342 | Bazaar   | Found Oxyus's General Store.
  8523 | D:11     | Found a shattered altar of Ashenzari.
  8595 | Lair:1   | Entered Level 1 of the Lair of Beasts
  8616 | Lair:1   | Got a bound turquoise ring
  8650 | Lair:1   | Identified the ring of Twilight {*Drain +Inv MP+9 SInv} (You found it on level 1 of the Lair of Beasts)
  9367 | Lair:1   | Reached skill level 16 in Long Blades
  9449 | Lair:1   | Received a gift from Trog
  9694 | Lair:1   | Reached XP level 12. HP: 99/112 MP: 9/11
 10232 | Lair:2   | Noticed a five-headed hydra
 10241 | Lair:2   | Killed a two-headed hydra
 10677 | Lair:3   | Noticed an eight-headed hydra
 10692 | Lair:3   | Killed a five-headed hydra
 10765 | Lair:3   | Found a staircase to the Swamp.
 11464 | Lair:4   | Reached skill level 17 in Long Blades
 11567 | Lair:4   | Got a transparent rapier
 12028 | Lair:4   | Noticed an eight-headed hydra
 12036 | Lair:4   | Killed a four-headed hydra
 12036 | Lair:4   | Received a gift from Trog
 12037 | Lair:4   | Reached skill level 1 in Shields
 12380 | Lair:4   | Reached XP level 13. HP: 95/122 MP: 8/12
 12793 | Lair:5   | Reached skill level 18 in Long Blades
 12885 | Lair:5   | Found a basalt altar of Yredelemnul.
 12894 | Lair:5   | Noticed Josephine
 12901 | Lair:5   | Killed Josephine
 12933 | Lair:5   | Noticed Rupert
 12942 | Lair:5   | Killed Rupert
 13339 | Lair:5   | Found a staircase to the Snake Pit.
 14046 | Lair:6   | Received a gift from Trog
 14054 | Lair:6   | Reached skill level 19 in Long Blades
 15111 | Lair:7   | Got a glittering platinum ring
 15113 | Lair:7   | Identified the cursed ring of Beogh's Regard {rC+ Str-3 Int+3} (You found it on level 7 of the Lair of Beasts)
 15515 | Lair:7   | Reached XP level 14. HP: 133/133 MP: 4/13
 15549 | Lair:7   | HP: 2/133 [catoblepas (5)]
 15549 | Lair:7   | Slain by a three-headed hydra

Vault maps used:
D:1:      tarquinn_simple_flora_water_b, minmay_cut_off
D:2:      grunt_temple_overflow_open, uniq_iyjb, uniq_robin,
          uniq_crazy_yiuf_cottage
D:4:      first_bread, serial_shops, nicolae_shop_statue_plus,
          grunt_pakellas_basics, uniq_grinder
D:5:      temple_pool_a, uniq_prince_ribbit1
D:7:      serial_shops, nicolae_shop_window_shopping
D:8:      special_room, hangedman_ranch, hangedman_decor_clover_reticule
D:9:      minmay_distorted_concentric_squares, gammafunk_temple_overflow_statue,
          serial_shops, kennysheep_mini, nicolae_for_you_no_charge, uniq_erica,
          uniq_erolcha
D:10:     david_lair_shrubbed
D:11:     basic_altar, serial_shops, bzr_firewalk, uniq_maud
Lair:1:   serial_bayou_pond_e, grunt_megastairs_5
Lair:3:   swamp_mist, infiniplex_staircase_pool_2, grunt_megastairs_4,
          lemuel_fruit_tree, serial_bayou_shore_b
Lair:4:   beast_lair_carwin_5, bh_autumn_forest_stairs
Lair:5:   minmay_snake_entry_guardpost_small, minivault_19,
          lemuel_altar_in_water2, uniq_rupert, uniq_josephine
Lair:6:   grunt_forest_large_clearings
Lair:7:   dpeg_slime_entry_corner, special_room
Bazaar:   bazaar_minmay_row

Skill      XL: |  1  2  3  4  5  6  7  8  9 10 11 12 13 |
---------------+----------------------------------------+-----
Long Blades    | 4 5 6 7 8 10 12 14 16 17 19 | 19.4
Fighting       | 4 5 6 7 9 10 11 13 14 | 14.4
Armour         | 3 4 5 7 9 10 11 13 14 | 14.2
Shields        | 1 |  1.0
Dodging        | |  2.1

Action                   |  1- 3 |  4- 6 |  7- 9 | 10-12 | 13-15 || total
-------------------------+-------+-------+-------+-------+-------++-------
Melee: Falchion          |    50 |   143 |   221 |       |       ||   414
       Long sword        |       |       |     9 |    40 |       ||    49
       Scimitar          |       |       |       |   438 |    16 ||   454
       Great sword       |       |       |       |     6 |   237 ||   243
Invok: Berserk           |       |     2 |    10 |    11 |     6 ||    29
       Trog's Hand       |       |       |     1 |       |       ||     1
  Use: Scroll            |       |       |    17 |     5 |     2 ||    24
       Potion            |       |       |     2 |     1 |       ||     3
 Stab: Sleeping          |       |       |     4 |     7 |     1 ||    12
       Petrifying        |       |       |       |       |     1 ||     1
       Petrified         |       |       |       |       |     1 ||     1
  Eat: Chunk             |       |     4 |    13 |    24 |     8 ||    49
       Bread ration      |       |     1 |     2 |     1 |     2 ||     6
       Royal jelly       |       |       |     1 |       |     2 ||     3
       Fruit             |       |       |     1 |       |       ||     1
       Pizza             |       |       |       |     2 |       ||     2
